 Dungeon Crawl Stone Soup version 0.27-a0-1119-gbf574a6a6b (webtiles) character file.

Game seed: 1910067926216555783

24 Zeld the Shield-Bearer (level 3, -1/26 HPs)
             Began as an Octopode Fighter on May 2, 2021.
             Slain by a sky beast (5 damage)
             ... on level 2 of the Dungeon.
             The game lasted 00:02:38 (1144 turns).

Zeld the Shield-Bearer (Octopode Fighter)           Turns: 1144, Time: 00:02:39

Health: -1/26      AC:  1    Str: 16    XL:     3   Next: 2%
Magic:  3/3        EV: 11    Int: 10    God:
Gold:   42         SH:  9    Dex: 11    Spells: 2/2 levels left

rFire    . . .     SeeInvis .   a - +0 war axe
rCold    . . .     Faith    .   b - +0 kite shield
rNeg     . . .     Spirit   .   (helmet restricted)
rPois    .         Reflect  .   (no amulet)
rElec    .         Harm     .   (no ring)
rCorr    .         Rampage  .   (no ring)
Will     .....                  (no ring)
Stlth    ++........             (no ring)
HPRegen  0.08/turn              (no ring)
MPRegen  0.08/turn              (no ring)
                                (no ring)
                                (no ring)

@: mighty
A: almost no armour, amphibious, 8 rings, camouflage 1, gelatinous body 1,
(nimble swimmer 1), tentacles
a: no special abilities


You were on level 2 of the Dungeon.
You visited 1 branch of the dungeon, and saw 2 of its levels.

You collected 42 gold pieces.

Inventory:

Hand Weapons
 a - a +0 war axe (weapon)
Armour
 b - a +0 kite shield (worn)
Scrolls
 e - a scroll of silence {unknown}
Potions
 d - a potion of curing {unknown}


   Skills:
 * Level 3.3 Fighting
 * Level 2.5 Axes
 - Level 3.0 Dodging
 * Level 3.4 Shields


You had 2 spell levels left.
You didn't know any spells.
Your spell library was empty.

Dungeon Overview and Level Annotations

Branches:
Dungeon (2/15)

Altars:


Innate Abilities, Weirdness & Mutations

You cannot wear most types of armour.
You are amphibious.
You can wear up to eight rings at the same time.
Your skin changes colour to match your surroundings (Stealth+).
Your rubbery body absorbs attacks. (AC +1, EV +1)
((You are camouflaged near water. (Stealth+)))
You have tentacles for arms and can constrict up to eight enemies at once.


Message History

Unknown command.
Unknown command.
Unknown command.
You hit the plant.
The plant begins to die.
You grab the plant. You squeeze the plant.
The plant is lightly damaged.
You constrict the plant.
You release your grip on the plant.
A nearby plant withers and dies.
Done exploring.
Done exploring.
Done exploring.
There is a stone staircase leading down here.
You climb downwards.
There is a stone staircase leading up here.
You don't know any spells.
Unknown command.
There is a stone staircase leading up here.
A sky beast comes into view.
Found 12 gold pieces.
A sky beast is nearby!
There is a stone staircase leading up here.
You feel very mighty all of a sudden.
You barely miss the sky beast. You squeeze the sky beast!
The sky beast is moderately wounded.
The sky beast flickers out of sight!
Deactivating autopickup; reactivate with Ctrl-A.
Something hits you. Something shocks you.
No target in view!
No target in view!
You miss something. Something hits you. Something shocks you.
Something hits you. Something shocks you.
* * * LOW HITPOINT WARNING * * *
A sky beast appears from thin air!
Reactivating autopickup.
You are too injured to fight recklessly!
You miss the sky beast.
The sky beast is moderately wounded.
The sky beast hits you.
You die...

#..#
#.#####..#
#....$...#
#.# #.# #.#
#ยง#
##########.#
.......@Y..#
############


You could see a sky beast.

Vanquished Creatures
  A dart slug (D:1)
  5 ball pythons (D:1)
  4 endoplasms (D:1)
  2 jackals (D:1)
  2 kobolds (D:1)
  A quokka (D:1)
  2 bats (D:1)
  2 goblins (D:1)
  A rat (D:1)
20 creatures vanquished.

Vanquished Creatures (others)
  A fungus (D:1)
  10 plants (D:1)
11 creatures vanquished.

Grand Total: 31 creatures vanquished

Notes
Turn   | Place    | Note
-------+----------+-------------------------------------------
     0 | D:1      | Zeld the Octopode Fighter began the quest for the Orb.
     0 | D:1      | Reached XP level 1. HP: 16/16 MP: 1/1
    48 | D:1      | Reached XP level 2. HP: 7/21 MP: 2/2
   500 | D:1      | Found a faded altar of an unknown god.
   718 | D:1      | Reached XP level 3. HP: 21/26 MP: 3/3
  1133 | D:2      | Noticed a sky beast
  1144 | D:2      | Slain by a sky beast

Illustrated notes

Levels and vault maps discovered:
D:1:      saegor_arrival_simple_e, layout_basic,
          shapermc_ecumenical_altar_mp_ritualfount, minmay_misc_feat_room,
          serial_bayou_lagoon_b
D:2:      layout_loops_ring

Action                   || total
-------------------------++-------
Melee: War axe           ||    41
       Constrict         ||    12
       Tentacles         ||    11
  Use: Potion            ||     1
 Stab: Sleeping          ||     2
Armor: Skin              ||     3
Dodge: Dodged            ||    26
Block: Kite shield       ||    22

Table legend: (Time is in decaauts)
 A = Elapsed time spent in this place.
 B = Non-inter-level travel time spent in this place.
 C = Inter-level travel time spent in this place.
 D = Time resting spent in this place.
 E = Time spent auto-exploring this place.
 F = Levels seen in this place.
 G = Mean time per level.
                   A        B        C        D        E       F      G
               +--------+--------+--------+--------+--------+-----+--------+
         Total |   1168 |   1075 |     93 |      0 |    896 |   2 |  584.0 |
       Dungeon |   1168 |   1075 |     93 |      0 |    896 |   2 |  584.0 |
               +--------+--------+--------+--------+--------+-----+--------+

Top non-repeatable levels by time:
     D:1: 1148 daAuts
     D:2: 19 daAuts
